 Dungeon Crawl Stone Soup version 0.29.1-2-gbd0b4ee654 (webtiles) character file.

Game seed: 1201501705236899742

6658 qeuew the Skirmisher (level 11, -1/85 HPs)
             Began as a Gnoll Hunter on Nov 5, 2022.
             Was a Follower of Qazlal.
             Slain by a yak (9 damage)
             ... on level 9 of the Dungeon.
             The game lasted 00:20:25 (10065 turns).

qeuew the Skirmisher (Gnoll Hunter)                Turns: 10065, Time: 00:20:25

Health: -1/85      AC: 11    Str:  9    XL:     11   Next: 3%
Magic:  20/20      EV: 18    Int:  8    God:    Qazlal [*.....]
Gold:   142        SH:  0    Dex: 20    Spells: 22/22 levels left

rFire   . . .      SeeInvis .   m - +4 demon blade (venom)
rCold   . . .      Faith    .   (no shield)
rNeg    + . .      Spirit   .   h - +3 ring mail
rPois   .          Reflect  +   (no helmet)
rElec   .          Harm     .   p - +0 cloak
rCorr   .          Rampage  .   e - +0 pair of gloves
Will    .....                   (no boots)
Stlth   +.........              k - amulet of reflection
HPRegen 0.24/turn               o - ring of positive energy
MPRegen 0.17/turn               r - +4 ring of evasion

@: confused, ambrosia-drunk
A: fangs 1, strong nose, distributed training, weak 1
a: Renounce Religion


You were on level 9 of the Dungeon.
You worshipped Qazlal.
Qazlal was aware of your devotion.
You visited 1 branch of the dungeon, and saw 9 of its levels.
You also visited: Ossuary and Bailey.

You collected 532 gold pieces.
You spent 390 gold pieces at shops.

Inventory:

Hand Weapons
 i - a +0 shortbow of freezing
 m - a +4 demon blade of venom (weapon)
Armour
 e - a +0 pair of gloves (worn)
 h - a +3 ring mail (worn)
 p - a +0 cloak (worn)
Jewellery
 k - an amulet of reflection (around neck)
 o - a ring of positive energy (left hand)
 r - a +4 ring of evasion (right hand)
Scrolls
 c - 4 scrolls of teleportation
 d - a scroll of amnesia
 l - 2 scrolls of butterflies
 u - 2 scrolls of magic mapping
Potions
 b - 4 potions of curing
 f - a potion of might
 g - 2 potions of magic
 q - a potion of ambrosia
 x - 2 potions of brilliance
 z - 2 potions of haste
 B - a potion of flight


   Skills:
 + Level 7.7 Fighting
 + Level 6.1 Short Blades
 + Level 6.1 Long Blades
 + Level 6.1 Axes
 + Level 6.1 Maces & Flails
 + Level 6.1 Polearms
 + Level 6.1 Staves
 + Level 10.5 Ranged Weapons
 + Level 6.1 Throwing
 + Level 6.1 Armour
 + Level 7.7 Dodging
 + Level 6.5 Stealth
 + Level 6.1 Shields
 + Level 6.1 Unarmed Combat
 + Level 6.1 Spellcasting
 + Level 5.0 Conjurations
 + Level 5.0 Hexes
 + Level 5.0 Summonings
 + Level 5.0 Necromancy
 + Level 5.0 Translocations
 + Level 5.0 Transmutations
 + Level 5.0 Fire Magic
 + Level 5.0 Ice Magic
 + Level 5.0 Air Magic
 + Level 5.0 Earth Magic
 + Level 5.0 Poison Magic
 + Level 6.6 Invocations
 + Level 6.1 Evocations


You had 22 spell levels left.
You didn't know any spells.
Your spell library contained the following spells:

 Spells                   Type           Power      Damage    Failure   Level
 Freeze                   Ice            40%        1d6       8%          1
 Summon Small Mammal      Summ           40%        N/A       8%          1
 Ensorcelled Hibernation  Hex/Ice        20%        N/A       11%         2
 Frozen Ramparts          Ice            20%        1d4       22%         3
 Spider Form              Tmut/Pois      10%        N/A       22%         3
 Anguish                  Hex/Necr       5%         N/A       58%         4
 Hailstorm                Conj/Ice       10%        3d5       58%         4
 Summon Lightning Spire   Summ/Air       10%        N/A       58%         4
 Storm Form               Tmut/Air       5%         N/A       100%        7
 Borgnjor's Revivificati  Necr           5%         N/A       100%        8
 Maxwell's Capacitive Co  Air            5%         ∞         100%        8
 Necromutation            Tmut/Necr      5%         N/A       100%        8
 Death's Door             Necr           5%         N/A       100%        9


Dungeon Overview and Level Annotations

Branches:
Dungeon (9/15)             Temple (0/1) D:7         Ossuary (visited)
 Bailey (visited)
   Lair: D:8-11         Orc: D:9-12

Altars:
Cheibriados
Elyvilon
Fedhas
Gozag
Hepliaklqana
Kikubaaqudgha
Nemelex Xobeh
Qazlal
Sif Muna
Trog
Uskayaw
Vehumet

Shops:
D:2 ?   D:8 (

Annotations:
D:3 2 transporters


Innate Abilities, Weirdness & Mutations

You have very sharp teeth.
Your uncanny sense of smell can sniff out nearby items.
Your experience applies equally to all skills.
You are weak. (Str -2)


Message History

You are confused.
You feel invigorated. The yak closely misses you.
Your +0 shortbow of freezing stops glowing.
Your +4 demon blade of venom begins to drip with poison!
m - a +4 demon blade of venom (weapon)
The yak gores you but does no damage. The yak misses you.
The yak completely misses you.
You barely miss the yak. Your bite misses the yak.
The yak is almost dead.
The yak gores you but does no damage. The yak misses you.
The yak completely misses you.
You barely miss the yak.
The yak is almost dead.
The yak misses you. The yak completely misses you. The yak gores you!
* * * LOW HITPOINT WARNING * * *
You slash the yak!
You kill the yak!
Qazlal accepts your kill. The yak completely misses you. The yak gores you.
* * * LOW HITPOINT WARNING * * *
The yak misses you.
You slash the yak!
The yak is poisoned.
The yak is heavily wounded.
The yak gores you but does no damage. The yak misses you.
The yak completely misses you.
Unknown command.
You barely miss the troll. You bite the troll, but do no damage.
The troll is severely wounded.
You feel less invigorated.
You feel less confused. The yak completely misses you.
You block the yak's attack. The troll misses you. The troll closely misses you.
You block the troll's attack. You block the yak's attack.
You are confused.
You feel invigorated.
The yak closely misses you. x2; The troll bites you!
* * * LOW HITPOINT WARNING * * *
The troll barely misses you. The troll claws you.
* * * LOW HITPOINT WARNING * * *
The yak gores you!
You die...

.........##. #
$............ ∆# ∆
............# #
...........# #.
#..........### ..
.............. ..
##.............. .#
##TYY...............
#.○@†...............
##..Y.#.............
#.....#............
###..#............#
##.##..........##
##...........?..
#..#...........
####...........
#....##.....


You could see 3 yaks and a troll.

Vanquished Creatures
  3 two-headed ogres
  10 yaks
  2 steam dragons (D:8)
  Menkaure (D:7)
  Duvessa (D:7)
  2 orc warriors
  2 sky beasts (D:7)
  A black bear (D:8)
  An ice beast (D:6)
  A centaur (D:9)
  A phantom (D:5)
  2 elf zombies (Ossuary)
  A bullfrog (D:3)
  2 scorpions (D:5)
  17 wights
  Dowan (D:7)
  4 killer bees (D:8)
  A howler monkey (D:9)
  4 hounds
  3 jellies
  2 orc priests
  3 iguanas
  3 orc wizards
  2 hound zombies (Ossuary)
  4 mummies (Ossuary)
  7 gnolls
  17 adders
  A shadow imp (D:6)
  3 white imps
  2 ufetubi
  A worm (D:3)
  A dart slug (D:3)
  12 orcs
  6 ball pythons
  9 endoplasms
  3 giant cockroaches
  A gnoll zombie (Ossuary)
  13 goblins
  9 hobgoblins
  6 quokkas
  6 bats
  12 frilled lizards
  2 goblin zombies (Ossuary)
  A hobgoblin zombie (Ossuary)
  2 jackal zombies (Ossuary)
  9 kobolds
  An orc zombie (Ossuary)
  5 rats
  A rat zombie (Ossuary)
204 creatures vanquished.

Notes
Turn   | Place    | Note
-------+----------+-------------------------------------------
     0 | D:1      | qeuew the Gnoll Hunter began the quest for the Orb.
     0 | D:1      | Reached XP level 1. HP: 20/20 MP: 1/1
   272 | D:1      | Reached XP level 2. HP: 26/26 MP: 2/2
   647 | D:2      | Found Xemeisch's Magic Scroll Emporium.
   691 | D:2      | Reached XP level 3. HP: 24/31 MP: 2/4
   839 | D:2      | Reached skill level 1 in Invocations
   953 | D:2      | Reached skill level 1 in Short Blades
   953 | D:2      | Reached skill level 1 in Long Blades
   953 | D:2      | Reached skill level 1 in Axes
   953 | D:2      | Reached skill level 1 in Maces & Flails
   953 | D:2      | Reached skill level 1 in Polearms
   953 | D:2      | Reached skill level 1 in Staves
   953 | D:2      | Reached skill level 1 in Throwing
   953 | D:2      | Reached skill level 1 in Armour
   953 | D:2      | Reached skill level 1 in Shields
   953 | D:2      | Reached skill level 1 in Unarmed Combat
   953 | D:2      | Reached skill level 1 in Spellcasting
   953 | D:2      | Reached skill level 1 in Evocations
  1117 | D:2      | Reached XP level 4. HP: 38/38 MP: 5/5
  1384 | D:2      | Reached skill level 1 in Conjurations
  1384 | D:2      | Reached skill level 1 in Hexes
  1384 | D:2      | Reached skill level 1 in Summonings
  1384 | D:2      | Reached skill level 1 in Necromancy
  1384 | D:2      | Reached skill level 1 in Translocations
  1384 | D:2      | Reached skill level 1 in Transmutations
  1384 | D:2      | Reached skill level 1 in Fire Magic
  1384 | D:2      | Reached skill level 1 in Ice Magic
  1384 | D:2      | Reached skill level 1 in Air Magic
  1384 | D:2      | Reached skill level 1 in Earth Magic
  1384 | D:2      | Reached skill level 1 in Poison Magic
  1761 | D:3      | Identified the +3 plate armour "Zanoich" {Regen+ Int-2
                  | Stlth+}
  1836 | D:3      | Found a transporter.
  1994 | D:3      | Reached XP level 5. HP: 43/43 MP: 7/7
  2123 | D:3      | Found a transporter.
  2445 | D:3      | Reached XP level 6. HP: 48/50 MP: 8/8
  2614 | D:4      | Found a sparkling altar of Nemelex Xobeh.
  2644 | D:4      | Found a hazy altar of Hepliaklqana.
  2646 | D:4      | Found a white marble altar of Elyvilon.
  2652 | D:4      | Found an opulent altar of Gozag.
  2652 | D:4      | Found a bloodstained altar of Trog.
  2735 | D:4      | Reached skill level 5 in Fighting
  2735 | D:4      | Reached skill level 5 in Dodging
  3317 | D:5      | Entered Level 5 of the Dungeon
  3340 | D:5      | Found a radiant altar of Vehumet.
  3344 | D:5      | Found an ancient bone altar of Kikubaaqudgha.
  3345 | D:5      | Found a shimmering blue altar of Sif Muna.
  3350 | D:5      | Got Sif Muna's Disquisition on Leadership
  3578 | D:5      | Reached XP level 7. HP: 37/56 MP: 10/10
  3936 | D:5      | Reached skill level 9 in Ranged Weapons
  4066 | D:6      | Reached XP level 8. HP: 46/63 MP: 12/12
  4234 | D:6      | Found a snail-covered altar of Cheibriados.
  4249 | D:6      | Found a sand-covered staircase.
  4344 | Ossuary  | Entered an ossuary
  5005 | D:6      | Found a blossoming altar of Fedhas.
  5005 | D:6      | Found a hide-covered altar of Uskayaw.
  5005 | D:6      | Found a stormy altar of Qazlal.
  5214 | D:6      | Became a worshipper of Qazlal Stormbringer
  5248 | D:7      | Noticed Dowan
  5261 | D:7      | Killed Dowan
  5261 | D:7      | Noticed Duvessa
  5280 | D:7      | Killed Duvessa
  5542 | D:7      | Found a staircase to the Ecumenical Temple.
  5954 | D:7      | Noticed Menkaure
  5958 | D:7      | Killed Menkaure
  5959 | D:7      | Reached XP level 9. HP: 69/69 MP: 14/14
  6419 | D:8      | Found Naymupas's Weapon Shop.
  6448 | D:8      | Reached skill level 5 in Stealth
  6490 | D:8      | Bought a +2 demon blade of venom for 390 gold pieces
  6767 | D:8      | Reached skill level 5 in Invocations
  6905 | D:8      | Noticed a two-headed ogre
  6915 | D:8      | Killed a two-headed ogre
  6916 | D:8      | Reached skill level 5 in Short Blades
  6916 | D:8      | Reached skill level 5 in Long Blades
  6916 | D:8      | Reached skill level 5 in Axes
  6916 | D:8      | Reached skill level 5 in Maces & Flails
  6916 | D:8      | Reached skill level 5 in Polearms
  6916 | D:8      | Reached skill level 5 in Staves
  6916 | D:8      | Reached skill level 5 in Throwing
  6916 | D:8      | Reached skill level 5 in Armour
  6916 | D:8      | Reached skill level 5 in Shields
  6916 | D:8      | Reached skill level 5 in Unarmed Combat
  6916 | D:8      | Reached skill level 5 in Spellcasting
  6916 | D:8      | Reached skill level 5 in Evocations
  6916 | D:8      | Reached XP level 10. HP: 44/77 MP: 15/17
  6929 | D:8      | Reached skill level 10 in Ranged Weapons
  7374 | D:8      | Reached * piety under Qazlal
  8543 | D:8      | Gained mutation: You are weak. (Str -2) [potion of
                  | mutation]
  8561 | D:9      | Noticed a two-headed ogre
  8572 | D:9      | Killed a two-headed ogre
  8694 | D:9      | Found a flagged portal.
  8704 | Bailey   | Entered a bailey
  9425 | D:9      | Noticed a brown ugly thing
  9436 | D:9      | Noticed a two-headed ogre
  9777 | D:9      | Killed a two-headed ogre
  9785 | D:9      | Reached skill level 5 in Conjurations
  9785 | D:9      | Reached skill level 5 in Hexes
  9785 | D:9      | Reached skill level 5 in Summonings
  9785 | D:9      | Reached skill level 5 in Necromancy
  9785 | D:9      | Reached skill level 5 in Translocations
  9785 | D:9      | Reached skill level 5 in Transmutations
  9785 | D:9      | Reached skill level 5 in Fire Magic
  9785 | D:9      | Reached skill level 5 in Ice Magic
  9785 | D:9      | Reached skill level 5 in Air Magic
  9785 | D:9      | Reached skill level 5 in Earth Magic
  9785 | D:9      | Reached skill level 5 in Poison Magic
  9785 | D:9      | Reached XP level 11. HP: 48/85 MP: 20/20
 10065 | D:9      | Slain by a yak

Illustrated notes

Levels and vault maps discovered:
D:1:      dpeg_arrival_tiny_j, layout_basic, st_stairs_4
D:2:      layout_basic, serial_shops, nicolae_lakefront_shop, serial_rivers,
          chequers_serial_rivers_room_a, chequers_serial_rivers_micro_d,
          chequers_serial_rivers_room_a, chequers_serial_rivers_small_b
D:3:      gammafunk_steamed_eel, layout_loops_ring, serial_forest,
          infiniplex_forest_lined_room_, infiniplex_forest_end_3,
          infiniplex_forest_corner_1, infiniplex_forest_clump_small,
          infiniplex_forest_lined_corner, infiniplex_forest_lined_room_,
          infiniplex_forest_clump_tiny, minmay_joined_circles
D:4:      layout_loops_cross, mainiacjoe_overflow_small_starburst,
          mainiacjoe_overflow_alcove_3, kennysheep_generic_room_10
D:5:      layout_rooms, grunt_temple_overflow_magic_moments
D:6:      layout_loops_cross, cheibriados_altar_1,
          gammafunk_temple_overflow_claw, nicolae_ossuary_entry_false_entrances,
          hangedman_abyss_or_decor_stabs
D:7:      layout_gridville, minmay_temple_entry_wispy,
          minmay_misc_feat_nine_boxes, uniq_duvessa, uniq_menkaure
D:8:      layout_basic, serial_shops, nicolae_stop_n_shop_2
D:9:      layout_big_octagon, enter_bailey_3, gammafunk_ghost_cemetery,
          minmay_fractal_squares_gapless_7

Skill      XL: |  1  2  3  4  5  6  7  8  9 10 |
---------------+-------------------------------+-----
Invocations    | 1 2 3 4 5 6 |  6.6
Short Blades   | 1 2 3 5 6 |  6.1
Long Blades    | 1 2 3 5 6 |  6.1
Axes           | 1 2 3 5 6 |  6.1
Maces & Flails | 1 2 3 5 6 |  6.1
Polearms       | 1 2 3 5 6 |  6.1
Staves         | 1 2 3 5 6 |  6.1
Throwing       | 1 2 3 5 6 |  6.1
Armour         | 1 2 3 5 6 |  6.1
Shields        | 1 2 3 5 6 |  6.1
Unarmed Combat | 1 2 3 5 6 |  6.1
Spellcasting   | 1 2 3 5 6 |  6.1
Evocations     | 1 2 3 5 6 |  6.1
Conjurations   | 1 2 3 4 5 |  5.0
Hexes          | 1 2 3 4 5 |  5.0
Summonings     | 1 2 3 4 5 |  5.0
Necromancy     | 1 2 3 4 5 |  5.0
Translocations | 1 2 3 4 5 |  5.0
Transmutations | 1 2 3 4 5 |  5.0
Fire Magic     | 1 2 3 4 5 |  5.0
Ice Magic      | 1 2 3 4 5 |  5.0
Air Magic      | 1 2 3 4 5 |  5.0
Earth Magic    | 1 2 3 4 5 |  5.0
Poison Magic   | 1 2 3 4 5 |  5.0
Stealth        | 3 4 5 6 |  6.5
Fighting       | 5 6 7 |  7.7
Dodging        | 5 6 7 |  7.7
Ranged Weapons | 9 10 | 10.5

Action                   |  1- 3 |  4- 6 |  7- 9 | 10-12 || total
-------------------------+-------+-------+-------+-------++-------
Melee: Dagger            |       |    22 |   125 |       ||   147
       Bite              |       |     5 |    13 |    18 ||    36
       Punch             |       |     1 |     5 |     4 ||    10
       Demon blade       |       |       |    21 |    74 ||    95
 Fire: Shortbow          |    67 |   194 |   264 |   150 ||   675
Throw: Throwing net      |       |       |     1 |       ||     1
  Use: Scroll            |     3 |    11 |     8 |     3 ||    25
       Potion            |     1 |     4 |     2 |    10 ||    17
 Stab: Invisible         |       |       |       |     1 ||     1
Armor: Ring mail         |     4 |    12 |    98 |    59 ||   173
       Plate armour      |       |    58 |       |       ||    58
Dodge: Dodged            |    16 |    53 |   308 |   215 ||   592
Block: Other             |       |    22 |    81 |    87 ||   190
       Reflection        |       |       |       |     3 ||     3
